Map: Alcyone LE

Players

SLAMMER - Winner!

  • Race: Zerg Zerg
  • League: Master
  • Spawn Location: 7:00

Ryuga

  • Race: Protoss Protoss
  • League: Master
  • Spawn Location: 1:00

VOD

Have the link to the VOD?

Description

Time

  • Played on: June 30, 2024, 1:34 a.m.
  • Length: 4:27
Show
View Real Time Build Order
Export as new Build Order

SLAMMER Zerg - Winner!

Build Orders: Hatch First 

Get SALT Encoding   

  12  0:01  Drone  
  13  0:07  Drone  
  14  0:16  Overlord  
  15  0:35  Drone x2  
  15  0:36  Drone  
  17  0:48  Drone  
  18  1:00  Hatchery  
  17  1:04  Extractor  
  16  1:14  Drone, Spawning Pool  
  16  1:17  Drone  
  17  1:21  Drone  
  18  1:29  Drone  
  19  1:48  Hatchery  
  18  2:02  Zergling x6  
  21  2:09  Metabolic Boost  
  21  2:16  Zergling x2  
  21  2:18  Zergling x2  
  23  2:23  Zergling x2  
  24  2:41  Zergling x4  
  24  2:42  Zergling x2  
  27  2:54  Zergling x2  
  24  3:19  Zergling x6  
  23  3:35  Zergling x4  
  24  3:45  Zergling x2  
  24  3:55  Drone  
  23  4:04  Drone  
  23  4:11  Drone  
  23  4:14  Drone  
Show
View Real Time Build Order
Export as new Build Order

Ryuga Protoss 

Build Orders: 1 Gate Expand 

Get SALT Encoding   

  12  0:00  Probe  
  13  0:12  Probe  
  14  0:20  Pylon  
  14  0:24  Probe  
  15  0:38  Probe (Chrono Boost)  
  16  0:43  Gateway  
  16  0:48  Probe (Chrono Boost)  
  17  0:52  Assimilator  
  17  0:53  Probe (Chrono Boost)  
  18  1:05  Probe  
  19  1:17  Probe  
  20  1:29  Nexus  
  20  1:38  Cybernetics Core  
  20  1:41  Probe (Chrono Boost)  
  21  1:48  Pylon  
  21  1:54  Probe (Chrono Boost)  
  22  1:56  Assimilator  
  22  2:02  Probe (Chrono Boost)  
  22  2:08  Probe  
  23  2:12  Adept (Chrono Boost)  
  26  2:22  Probe  
  27  2:26  Stargate  
  27  2:34  Probe  
  28  2:43  Adept  
  29  2:45  Probe  
  29  2:46  Probe  
  31  2:51  Shield Battery  
  31  2:57  Gateway  
  31  3:05  Pylon  
  31  3:08  Pylon  
  29  3:19  Pylon  
  29  3:20  Pylon  
  32  3:35  Void Ray (Chrono Boost)  
  31  3:42  Gateway  
  31  3:46  Pylon  
  31  3:50  Pylon  
  30  3:56  Pylon  
  30  4:00  Pylon  
Tags
 
Add a new tag
Caveats
  • Supply blocks, unpowered buildings, or Contaminate may cause inaccurate times.
  • Supply counts are checked every 10 seconds.